 Dungeon Crawl Stone Soup version 0.27-a0-732-ga892ba84f6 (webtiles) character file.

Game seed: 5743717840140384998

1504 porpoise the Conjurer (level 8, 0/49 HPs)
             Began as a Deep Elf Conjurer on Mar 24, 2021.
             Was an Initiate of Vehumet.
             Shot with an arrow by a centaur (3 damage)
             ... on level 6 of the Dungeon.
             The game lasted 00:22:42 (5671 turns).

porpoise the Conjurer (Deep Elf Conjurer)           Turns: 5671, Time: 00:22:43

Health: 0/49       AC:  4    Str: 10    XL:     8   Next: 52%
Magic:  15/17      EV: 13    Int: 26    God:    Vehumet [......]
Gold:   256        SH:  0    Dex: 13    Spells: 6/17 levels left

rFire    . . .     SeeInvis .   b - +0 hunting sling
rCold    . . .     Faith    .   (no shield)
rNeg     + . .     Spirit   .   x - +2 robe {Archmagi}
rPois    .         Reflect  .   (no helmet)
rElec    .         Harm     .   (no cloak)
rCorr    .         Rampage  .   (no gloves)
Will     .....                  (no boots)
Stlth    ++........             (no amulet)
HPRegen  0.16/turn              m - ring of positive energy
MPRegen  0.15/turn              t - +6 ring of strength

@: marked
A: no striking features
a: Renounce Religion


You were on level 6 of the Dungeon.
You worshipped Vehumet.
Vehumet was noncommittal.
You visited 2 branches of the dungeon, and saw 7 of its levels.

You collected 513 gold pieces.
You spent 257 gold pieces at shops.

Inventory:

Hand Weapons
 a - a +2 whip of draining
 b - a +0 hunting sling (weapon)
 r - a +0 short sword
Missiles
 d - 249 stones
 e - 39 sling bullets (quivered ammo)
 y - 15 poisoned darts
 E - 2 curare-tipped darts
Armour
 f - a +1 robe of willpower
 g - a +2 robe of positive energy
 x - a +2 robe of the Archmagi (worn)
Magical Staves
 C - a staff of poison
Jewellery
 m - a ring of positive energy (right hand)
 t - a +6 ring of strength (left hand)
Wands
 l - a wand of flame (18)
 n - a wand of polymorph (6)
 G - a wand of iceblast (8)
Scrolls
 c - 2 scrolls of vulnerability
 i - a scroll of teleportation
 j - a scroll of enchant weapon {unknown}
 q - a scroll of fog {unknown}
 s - a scroll of noise {unknown}
 w - a scroll of amnesia
 A - a scroll of immolation {unknown}
 D - a scroll of silence {unknown}
 F - a scroll of summoning {unknown}
Potions
 h - a potion of invisibility
 k - 2 potions of curing
 o - a potion of might
 p - a potion of heal wounds
 u - 2 potions of ambrosia
 v - 3 potions of flight
 z - a potion of magic
 B - a potion of mutation


   Skills:
 - Level 5.0 Fighting
 + Level 4.1 Dodging
 - Level 2.4 Stealth
 - Level 5.0 Spellcasting
 - Level 7.0 Conjurations
 - Level 5.0 Hexes
 + Level 4.3 Translocations


You had 6 spell levels left.
You knew the following spells:

 Your Spells              Type           Power      Damage    Failure   Level
a - Magic Dart            Conj           100%       1d8       1%          1
b - Searing Ray           Conj           100%       3d7       1%          2
c - Fulminant Prism       Conj/Hex       27%        3d14      6%          4
d - Iskenderun's Mystic   Conj/Tloc      52%        2d11      8%          4

Your spell library contained the following spells:

 Spells                   Type           Power      Damage    Failure   Level
 Corona                   Hex            53%        N/A       1%          1
 Dazzling Flash           Conj/Hex       100%       N/A       1%          3
 Confusing Touch          Hex            48%        N/A       3%          3
 Tukima's Dance           Hex            48%        N/A       3%          3
 Ensorcelled Hibernation  Hex/Ice        58%        N/A       4%          2
 Animate Skeleton         Necr           18%        N/A       8%          1
 Pain                     Necr           36%        1d5       8%          1
 Inner Flame              Hex/Fire       29%        N/A       9%          3
 Swiftness                Air            9%         N/A       12%         2
 Vampiric Draining        Necr           4%         2d6       22%         3
 Lightning Bolt           Conj/Air       18%        1d33      45%         5
 Animate Dead             Necr           4%         N/A       58%         4
 Summon Lightning Spire   Summ/Air       9%         N/A       58%         4
 Yara's Violent Unravell  Hex/Tmut       14%        3d7       58%         5
 Agony                    Necr           9%         N/A       91%         5


Dungeon Overview and Level Annotations

Branches:
Dungeon (6/15)             Temple (1/1) D:4

Altars:
Ashenzari
Cheibriados
Dithmenos
Elyvilon
Fedhas
Gozag
Hepliaklqana
Kikubaaqudgha
Nemelex Xobeh
Qazlal
Ru
Sif Muna
Uskayaw
Vehumet
Wu Jian
Xom
Yredelemnul
Zin
The Shining One

Shops:
D:4 ![((


Message History

A sentinel's mark forms upon you.
You hear a shout! x2
Something shouts, "Submit, thou foisting tardy-gaited hedge-pig!"
You hear a shout!
You hear an angry hiss.
You hear a shout!
You hear an angry hiss.
You hear a shout! x6
Press: ? - help, v - describe, . - travel
Here: Ijyb, wielding a +2 dagger of pain, wearing a +2 leather armour of willpower and carrying a wand of digging (4)
The floor.
Aiming: Iceblast
Press: ? - help, Shift-Dir - straight line, f - Ijyb
Aim: Ijyb, wielding a +2 dagger of pain, wearing a +2 leather armour of willpower and carrying a wand of digging (4)
The mass of ice explodes!
The iceblast engulfs Ijyb.
Ijyb is moderately wounded.
Unknown command.
Casting: Searing Ray (safe; 1% risk of failure)
Confirm with . or Enter, or press ? or * to list all spells.
Aiming: Searing Ray (safe; 1% risk of failure)
Press: ? - help, Shift-Dir - straight line, f/p - Ijyb
Aim: Ijyb, wielding a +2 dagger of pain, wearing a +2 leather armour of willpower and carrying a wand of digging (4) (moderately wounded, 21% to evade)
You feel a surge of power!
The searing ray hits Ijyb!
Ijyb is severely wounded. (Press . to maintain the ray.)
The searing ray hits Ijyb!
You kill Ijyb!
Vehumet accepts your kill.
Unknown command.
You start resting.
A centaur comes into view.
The centaur wields a +1 shortbow of freezing.
It is covered in frost.
The centaur shoots an arrow.
The arrow hits you! The arrow freezes you!
A giant cockroach comes into view.
A giant cockroach is nearby!
The centaur shoots an arrow.
The arrow hits you. The arrow freezes you.
The centaur shoots an arrow.
The arrow hits you! The arrow freezes you.
* * * LOW HITPOINT WARNING * * *
The centaur shoots an arrow.
The arrow hits you!
* * * LOW HITPOINT WARNING * * *
The arrow freezes you.
You die...

##.≈≈...≈≈#
#..#≈≈≈≈≈.#
#.....###.#
#.###..#..# #.#
##...## #.# #####
#<# #.# #@#
###.#### #.(....#
#...##.# #...##.#
.......)...#
#...........)....
#....c......##.##
##.....##.#.# #


You could see a centaur.

Vanquished Creatures
  Pikel (D:5)
  A sky beast (D:5)
  2 ice beasts (D:6)
  An ogre (D:4)
  2 lemures (D:5)
  2 bullfrogs (D:6)
  A hound (D:4)
  An orc priest (D:6)
  A bullfrog skeleton (D:2)
  Jessica (D:2)
  Natasha (thrice) (D:2)
  5 worker ants
  Ijyb (D:6)
  3 orc wizards
  6 adders
  4 shadow imps
  A white imp (D:6)
  4 worms
  2 dart slugs
  13 orcs
  5 bats
  7 giant cockroaches
  14 goblins
  6 hobgoblins
  6 jackals
  4 oozes
  5 quokkas
  5 ball pythons
  6 frilled lizards
  5 kobolds
  A quokka zombie (D:5)
  5 rats
124 creatures vanquished.

Vanquished Creatures (others)
  2 hounds (D:6)
  A worker ant (D:6)
3 creatures vanquished.

Grand Total: 127 creatures vanquished

Notes
Turn   | Place    | Note
-------+----------+-------------------------------------------
     0 | D:1      | porpoise the Deep Elf Conjurer began the quest for the Orb.
     0 | D:1      | Reached XP level 1. HP: 10/10 MP: 6/6
   318 | D:1      | Reached XP level 2. HP: 15/15 MP: 5/8
   371 | D:1      | Learned a level 2 spell: Searing Ray
   990 | D:2      | Reached skill level 5 in Conjurations
   990 | D:2      | Reached XP level 3. HP: 19/19 MP: 4/10
  1343 | D:2      | Noticed Natasha
  1346 | D:2      | Killed Natasha
  1423 | D:2      | Noticed Natasha
  1434 | D:2      | Killed Natasha
  1435 | D:2      | Reached XP level 4. HP: 24/24 MP: 8/12
  1446 | D:2      | Reached skill level 5 in Spellcasting
  1591 | D:2      | Noticed Jessica
  1598 | D:2      | Killed Jessica
  1599 | D:2      | Reached skill level 6 in Conjurations
  1599 | D:2      | Reached XP level 5. HP: 28/28 MP: 10/14
  1761 | D:2      | Noticed Natasha
  1765 | D:2      | Killed Natasha
  1766 | D:2      | Reached skill level 1 in Fighting
  2272 | D:2      | Learned a level 4 spell: Fulminant Prism
  2277 | D:2      | Learned a level 4 spell: Iskenderun's Mystic Blast
  3134 | D:3      | Reached XP level 6. HP: 33/35 MP: 12/15
  3181 | D:3      | Noticed Ijyb
  3315 | D:3      | Found a hide-covered altar of Uskayaw.
  3505 | D:4      | Found Sitoonu's Antique Weapon Emporium.
  3505 | D:4      | Found Zigoal's Distillery.
  3505 | D:4      | Found Lejet's Weapon Emporium.
  3506 | D:4      | Found Busod's Antique Armour Emporium.
  3608 | D:4      | Bought a potion of heal wounds for 65 gold pieces
  3612 | D:4      | Bought an embroidered robe for 88 gold pieces
  3660 | D:4      | Bought a potion of magic for 104 gold pieces
  3918 | D:4      | Reached skill level 7 in Conjurations
  4100 | D:4      | Found a staircase to the Ecumenical Temple.
  4115 | Temple   | Entered the Ecumenical Temple
  4270 | Temple   | Became a worshipper of Vehumet
  4473 | D:5      | Entered Level 5 of the Dungeon
  4477 | D:5      | Identified the Catalogue of Enthralling Flight
  4546 | D:5      | Noticed Pikel
  4552 | D:5      | Killed Pikel
  4553 | D:5      | Reached skill level 5 in Hexes
  4553 | D:5      | Reached XP level 7. HP: 44/44 MP: 8/16
  4703 | D:5      | Reached skill level 1 in Translocations
  4805 | D:5      | Reached XP level 8. HP: 48/48 MP: 12/17
  5149 | D:5      | Found an ancient bone altar of Kikubaaqudgha.
  5255 | D:6      | Reached skill level 5 in Fighting
  5571 | D:6      | Found a shimmering altar of Xom.
  5663 | D:6      | Killed Ijyb
  5671 | D:6      | Shot with an arrow by a centaur

Illustrated notes

Levels and vault maps discovered:
D:1:      eino_arrival_water_star, layout_rooms
D:2:      layout_basic, uniq_jessica, uniq_natasha
D:3:      kennysheep_goblin_castle, layout_rooms, general_overflow_altar,
          minivault_23
D:4:      layout_rooms, minmay_temple_entry_drinking_statues,
          minmay_shop_grid_forest, kennysheep_dice
D:5:      layout_rooms, marbit_many_paths, uniq_pikel
D:6:      layout_loops_ring, eino_small_chamber_without_monster,
          xom_confusion_cloud
Temple:   nicolae_temple_elliptical

Skill      XL: |  1  2  3  4  5  6  7  8 |
---------------+-------------------------+-----
Spellcasting   | 4 5 |  5.0
Conjurations   | 5 6 7 |  7.0
Fighting       | 2 4 5 |  5.0
Hexes          | 5 |  5.0
Translocations | 2 4 |  4.3
Dodging        | 4 |  4.1
Stealth        | |  2.4

Action                   |  1- 3 |  4- 6 |  7- 9 || total
-------------------------+-------+-------+-------++-------
Melee: Short sword       |     1 |     3 |       ||     4
 Fire: Hunting sling     |     3 |    60 |    27 ||    90
Throw: Dart              |       |     2 |       ||     2
 Cast: Magic Dart        |    35 |    44 |     2 ||    81
       Searing Ray       |     4 |    31 |    22 ||    57
Evoke: Wand              |       |       |     1 ||     1
  Use: Scroll            |       |     9 |       ||     9
Armor: Robe              |     1 |     4 |     1 ||     6
Dodge: Dodged            |       |     9 |       ||     9

Table legend: (Time is in decaauts)
 A = Elapsed time spent in this place.
 B = Non-inter-level travel time spent in this place.
 C = Inter-level travel time spent in this place.
 D = Time resting spent in this place.
 E = Time spent auto-exploring this place.
 F = Levels seen in this place.
 G = Mean time per level.
                   A        B        C        D        E       F      G
               +--------+--------+--------+--------+--------+-----+--------+
         Total |   5687 |   5509 |    178 |   1849 |   2803 |   7 |  812.4 |
       Dungeon |   5513 |   5369 |    144 |   1849 |   2665 |   6 |  918.8 |
        Temple |    173 |    139 |     34 |      0 |    138 |   1 |  173.0 |
               +--------+--------+--------+--------+--------+-----+--------+

Top non-repeatable levels by time:
     D:2: 1393 daAuts
     D:3: 1086 daAuts
     D:1: 936 daAuts
     D:4: 889 daAuts
     D:5: 762 daAuts
     D:6: 445 daAuts
  Temple: 173 daAuts
